 Dungeon Crawl Stone Soup version 0.28.0 (webtiles) character file.

Game seed: 15849875017835861597

40 mopl the Bolt Thrower (level 3, 0/30 HPs)
             Began as a Hill Orc Hunter on Feb 14, 2022.
             Slain by a hobgoblin (1 damage)
             ... on level 2 of the Dungeon.
             The game lasted 00:01:17 (1272 turns).

mopl the Bolt Thrower (Hill Orc Hunter)             Turns: 1272, Time: 00:01:18

Health: 0/30       AC:  3    Str: 16    XL:     3   Next: 50%
Magic:  3/3        EV: 11    Int: 11    God:
Gold:   61         SH:  0    Dex: 11    Spells: 2/2 levels left

rFire   . . .      SeeInvis .   b - +0 short sword
rCold   . . .      Faith    .   (no shield)
rNeg    . . .      Spirit   .   c - +0 leather armour
rPois   .          Reflect  .   (no helmet)
rElec   .          Harm     .   (no cloak)
rCorr   .          Rampage  .   (no gloves)
Will    .....                   (no boots)
Stlth   +.........              (no amulet)
HPRegen 0.10/turn               (no ring)
MPRegen 0.08/turn               (no ring)

@: no status effects
A: no striking features
a: no special abilities


You were on level 2 of the Dungeon.
You visited 1 branch of the dungeon, and saw 2 of its levels.

You collected 61 gold pieces.

Inventory:

Hand Weapons
 a - a +1 hand crossbow
 b - a +0 short sword (weapon)
Missiles
 d - 12 bolts
Armour
 c - a +0 leather armour (worn)
Scrolls
 f - 2 scrolls of identify {unknown}
Potions
 e - a potion of magic {unknown}
 g - a potion of curing {unknown}


   Skills:
 - Level 2.4 Fighting
 + Level 4.7 Crossbows
 - Level 1.5 Dodging
 - Level 0.7 Stealth


You had 2 spell levels left.
You didn't know any spells.
Your spell library was empty.

Dungeon Overview and Level Annotations

Branches:
Dungeon (2/15)

Altars:
Fedhas


Message History

b - a +0 short sword (weapon)
The hobgoblin shouts!
The hobgoblin hits you.
You hit the hobgoblin but do no damage. The hobgoblin barely misses you.
You closely miss the hobgoblin. The hobgoblin hits you.
You hit the hobgoblin but do no damage. The hobgoblin barely misses you.
You barely miss the hobgoblin. The hobgoblin barely misses you.
You hit the hobgoblin.
The hobgoblin is heavily wounded.
The hobgoblin hits you.
* * * LOW HITPOINT WARNING * * *
You hit the hobgoblin but do no damage.
The hobgoblin is heavily wounded.
The hobgoblin hits you but does no damage.
You hit the hobgoblin.
The hobgoblin is almost dead.
The hobgoblin hits you.
* * * LOW HITPOINT WARNING * * *
You barely miss the hobgoblin.
The hobgoblin is almost dead.
The hobgoblin barely misses you.
You barely miss the hobgoblin.
The hobgoblin is almost dead.
The hobgoblin hits you but does no damage.
You barely miss the hobgoblin.
The hobgoblin is almost dead.
The hobgoblin hits you.
* * * LOW HITPOINT WARNING * * *
The hobgoblin hits you.
* * * LOW HITPOINT WARNING * * *
You hit the hobgoblin but do no damage.
The hobgoblin is almost dead.
The hobgoblin closely misses you.
You barely miss the hobgoblin.
The hobgoblin is almost dead.
The hobgoblin misses you.
You closely miss the hobgoblin.
The hobgoblin is almost dead.
The hobgoblin hits you.
You die...

#.......#
...#.....# #
#.....# #..)..#
###(### #(#.#
#...# ###
##..##### #### #
....#.@.##..#
#...## #..g..##.##
#)... ##.>.....#
##... #........#
##.$.<.
#.##.....## #.
#### #.. #......#
##.# # ...#
#......####..#####
.##
#...........#.....
#.....#..###...†..


You could see a hobgoblin.

Vanquished Creatures
  A worm (D:2)
  A dart slug (D:1)
  A ball python (D:1)
  A bat (D:2)
  4 endoplasms
  3 giant cockroaches
  3 goblins
  4 hobgoblins (D:1)
  3 jackals (D:2)
  2 quokkas
  A frilled lizard (D:1)
  2 kobolds
  3 rats
29 creatures vanquished.

Vanquished Creatures (others)
  A ballistomycete spore (D:2)
1 creature vanquished.

Grand Total: 30 creatures vanquished

Notes
Turn   | Place    | Note
-------+----------+-------------------------------------------
     0 | D:1      | mopl the Hill Orc Hunter began the quest for the Orb.
     0 | D:1      | Reached XP level 1. HP: 18/18 MP: 1/1
    80 | D:1      | Reached skill level 4 in Crossbows
    80 | D:1      | Reached XP level 2. HP: 15/25 MP: 2/2
   326 | D:1      | Found a faded altar of an unknown god.
   509 | D:1      | Prayed at the altar of an unknown god.
   509 | D:1      | Became a worshipper of Fedhas Madash
   509 | D:1      | Reached * piety under Fedhas
   510 | D:1      | Fell from the grace of Fedhas
   825 | D:2      | Reached XP level 3. HP: 27/30 MP: 3/3
  1269 | D:2      | HP: 1/30 [hobgoblin (2)]
  1272 | D:2      | Slain by a hobgoblin

Illustrated notes

Levels and vault maps discovered:
D:1:      lemuel_arrival_river_ford, layout_rooms, basic_ecumenical_altar
D:2:      layout_rooms, minmay_misc_feat_diagonals, uniq_crazy_yiuf_cottage

Skill      XL: |  1 |
---------------+----+-----
Crossbows      | 4 |  4.7
Fighting       | |  2.4
Dodging        | |  1.5
Stealth        | |  0.7

Action                   || total
-------------------------++-------
Melee: Short sword       ||   105
 Fire: Hand crossbow     ||    14
Invok: Renounce Religion ||     1
Armor: Leather armour    ||    27
Dodge: Dodged            ||    68
